 Dungeon Crawl Stone Soup version 0.23.2-1-ga50397a6bc (webtiles) character file.

Game seed: 2592808222355216008

97 MachJacob the Skirmisher (level 4, -4/29 HPs)
             Began as a Gargoyle Fighter on Apr 18, 2019.
             Killed from afar by a white imp (8 damage)
             ... with a puff of frost
             ... summoned by Natasha
             ... on level 2 of the Dungeon.
             The game lasted 00:06:03 (1406 turns).

MachJacob the Skirmisher (Gargoyle Fighter)         Turns: 1406, Time: 00:06:04

Health: -4/29      AC: 10    Str: 21    XL:     4   Next: 68%
Magic:  4/4        EV:  7    Int:  8    God:
Gold:   88         SH:  9    Dex:  9    Spells: 3/3 levels left

rFire    . . .     SeeInvis .   a - +0 flail
rCold    . . .     Gourm    .   c - +0 shield
rNeg     + . .     Faith    .   b - +0 scale mail
rPois    ∞         Spirit   .   (no helmet)
rElec    +         Reflect  .   (no cloak)
rCorr    .         Harm     .   (no gloves)
MR       .....                  (no boots)
Stlth    ..........             (no amulet)
HPRegen  0.09/turn              (no ring)
MPRegen  0.09/turn              (no ring)

@: no status effects
A: negative energy resistance 1, electricity resistance, unbreathing,
petrification resistance, rot immunity, AC +3
a: no special abilities


You were on level 2 of the Dungeon.
You were not hungry.

You visited 1 branch of the dungeon, and saw 2 of its levels.

You collected 88 gold pieces.

Inventory:

Hand Weapons
 a - a +0 flail (weapon)
Armour
 b - a +0 scale mail (worn)
 c - a +0 shield (worn)
 o - a +0 pair of boots
Scrolls
 g - 2 scrolls of identify {unknown}
 h - a scroll of blinking {unknown}
 i - 2 scrolls of enchant weapon {unknown}
 j - a scroll of teleportation {unknown}
 l - a scroll of enchant armour {unknown}
Potions
 d - a potion of might
 e - a potion of resistance {unknown}
 k - a potion of berserk rage {unknown}
 m - 4 potions of degeneration {unknown}
 n - a potion of curing {unknown}
 q - a potion of mutation {unknown}
Comestibles
 f - 2 rations
 p - a chunk of flesh


   Skills:
 + Level 3.9 Fighting
 * Level 3.3 Maces & Flails
 + Level 3.9 Armour
 + Level 3.9 Shields


You had 3 spell levels left.
You didn't know any spells.
Your spell library was empty.

Dungeon Overview and Level Annotations

Branches:
Dungeon (2/15)

Altars:

Annotations:
D:2 Natasha


Innate Abilities, Weirdness & Mutations

You are resistant to torment.
Your stone body is resilient. (AC +3)
You are immune to poison.
You resist negative energy. (rN+)
You are resistant to electric shocks. (rElec)
You can survive without breathing.
You are immune to petrification.
You are immune to rotting.


Message History

You are too injured to fight recklessly!
You are too injured to fight recklessly!
You hit Natasha but do no damage. Natasha claws you.
You hit Natasha.
Natasha is heavily wounded.
Natasha claws you but does no damage. Natasha barely misses you.
You sock Natasha!
Natasha is almost dead.
Natasha mumbles some strange words.
You closely miss Natasha.
Natasha is almost dead.
Natasha claws you but does no damage. The white imp completely misses you.
You barely miss Natasha.
Natasha is almost dead.
Natasha stares at you and mumbles some strange words.
The magic dart hits you.
* * * LOW HITPOINT WARNING * * *
The white imp gestures at you. The puff of frost hits you!
You die...

#.##≈≈≈≈≈≈≈≈≈≈≈≈♣♣#.##.##.#
#.###P≈≈≈≈≈≈≈≈♣♣≈......##.# #÷#
##♣≈≈PP≈♣♣♣♣#.###..##.# #.#
#P≈P≈≈♣ #.# #..##.# ##.## ##♣≈♣♣♣
#.###.###.# # ##...####..♣♣♣##
#.....###.# #. ##..>..##.......##
###.......# #.
#.....##........5####...#########
.......'........@h...............
#....###.........####...#########
##.#.# ##.......## ##.## ####.#
##.....## #.# #....# ##...## #.#
#.#### ##+## #.# #.# #.# #.## #.#
#.# #..# #.# #######.### ##.#


You could see Natasha and a white imp.

Vanquished Creatures
  Natasha (twice) (D:2)
  An adder (D:2)
  A worm (D:2)
  4 dart slugs
  A ball python (D:2)
  2 giant cockroaches (D:1)
  4 goblins
  3 hobgoblins (D:1)
  3 kobolds
  2 bats (D:1)
  3 frilled lizards
  4 rats
30 creatures vanquished.

Notes
Turn   | Place    | Note
-------+----------+-------------------------------------------
     0 | D:1      | MachJacob the Gargoyle Fighter began the quest for the Orb.
     0 | D:1      | Reached XP level 1. HP: 14/14 MP: 1/1
    62 | D:1      | Reached XP level 2. HP: 13/19 MP: 2/2
   886 | D:2      | Noticed Natasha
   895 | D:2      | Noticed a crimson imp
   895 | D:2      | Reached XP level 3. HP: 18/23 MP: 3/3
   902 | D:2      | Killed Natasha
   902 | D:2      | Reached XP level 4. HP: 16/29 MP: 4/4
  1064 | D:2      | Noticed Natasha
  1079 | D:2      | Killed Natasha
  1373 | D:2      | Noticed Natasha
  1406 | D:2      | Killed from afar by a white imp

Skill      XL: |  1  2  3 |
---------------+----------+-----
Maces & Flails | 3 |  3.3
Fighting       | |  3.9
Armour         | |  3.9
Shields        | |  3.9

Action                   |  1- 3 |  4- 6 || total
-------------------------+-------+-------++-------
Melee: Flail             |    78 |    40 ||   118
  Eat: Chunk             |       |     2 ||     2
Armor: Scale mail        |    32 |    14 ||    46
Dodge: Dodged            |    20 |     8 ||    28
Block: Shield            |    52 |    11 ||    63
